 Dungeon Crawl Stone Soup version 0.29.0-7-g18a832c13a (webtiles) character file.

Game seed: 3520588640937479674

106 ImASeal the Trooper (level 4, -1/38 HPs)
             Began as a Demonspawn Gladiator on Aug 31, 2022.
             Slain by a phantom (4 damage)
             ... on level 4 of the Dungeon.
             The game lasted 00:08:44 (3948 turns).

ImASeal the Trooper (Demonspawn Gladiator)          Turns: 3948, Time: 00:08:44

Health: -1/38      AC:  9    Str: 15    XL:     4   Next: 55%
Magic:  4/4        EV: 12    Int:  9    God:
Gold:   81         SH:  0    Dex: 16    Spells: 3/3 levels left

rFire   . . .      SeeInvis .     - Unarmed
rCold   . . .      Faith    .   (no shield)
rNeg    + . .      Spirit   .   n - +0 leather armour {rN+}
rPois   .          Reflect  .   b - +0 helmet
rElec   .          Harm     .   f - +0 cloak
rCorr   .          Rampage  .   (no gloves)
Will    .....                   (no boots)
Stlth   +.........              (no amulet)
HPRegen 0.12/turn               m - +4 ring of protection
MPRegen 0.09/turn               (no ring)

@: no status effects
A: powered by death 2
a: no special abilities


You were on level 4 of the Dungeon.
You visited 1 branch of the dungeon, and saw 5 of its levels.

You collected 81 gold pieces.

Inventory:

Hand Weapons
 s - a +1 vampiric dagger
 t - a +1 dagger of pain
Missiles
 c - 3 throwing nets (quivered)
 d - a javelin
Armour
 a - a +0 leather armour
 b - a +0 helmet (worn)
 f - a +0 cloak (worn)
 n - a +0 leather armour of positive energy (worn)
Jewellery
 m - a +4 ring of protection (left hand)
Wands
 p - a wand of acid (11)
Scrolls
 g - a scroll of brand weapon {unknown}
 h - 3 scrolls of enchant armour {unknown}
 i - 2 scrolls of identify {unknown}
 j - 3 scrolls of teleportation {unknown}
 k - 2 scrolls of noise {unknown}
 l - 2 scrolls of blinking {unknown}
 r - a scroll of fog {unknown}
 u - a scroll of poison {unknown}
Potions
 e - 2 potions of curing {unknown}
 o - a potion of haste {unknown}
 q - 2 potions of berserk rage {unknown}


   Skills:
 * Level 4.3 Fighting
 - Level 1.7 Throwing
 - Level 0.3 Armour
 - Level 2.8 Dodging
 - Level 3.2 Unarmed Combat


You had 3 spell levels left.
You didn't know any spells.
Your spell library contained the following spells:

 Spells                   Type           Power      Damage    Failure   Level
 Summon Small Mammal      Summ           0%         N/A       45%         1
 Call Canine Familiar     Summ           0%         N/A       83%         3
 Summon Guardian Golem    Hex/Summ       0%         N/A       83%         3


Dungeon Overview and Level Annotations

Branches:
Dungeon (5/15)
 Temple: D:4-7

Altars:
Qazlal

Shops:
D:3 [(:


Innate Abilities, Weirdness & Mutations

You regenerate health from kills.


Message History

You hit the phantom but do no damage.
The phantom is lightly damaged.
The phantom hits you but does no damage.
You hit the phantom.
The phantom is lightly damaged.
The endoplasm freezes you.
You are frozen.
The phantom hits you.
You closely miss the phantom.
The phantom is lightly damaged.
The endoplasm closely misses you.
The phantom hits you but does no damage.
You hit the phantom.
The phantom is lightly damaged.
The kobold hits you but does no damage. The endoplasm freezes you.
You are frozen.
The phantom hits you but does no damage.
You hit the phantom but do no damage.
The phantom is lightly damaged.
The endoplasm freezes you.
You are frozen.
* * * LOW HITPOINT WARNING * * *
The kobold completely misses you. The phantom closely misses you.
The gnoll hits you but does no damage. The phantom barely misses you.
The gnoll barely misses you.
The phantom hits you but does no damage.
There is a stone staircase leading up here.
The gnoll hits you with a +0 spear.
* * * LOW HITPOINT WARNING * * *
The endoplasm hits you.
* * * LOW HITPOINT WARNING * * *
The kobold hits you but does no damage. The phantom hits you.
* * * LOW HITPOINT WARNING * * *
The phantom blinks!
You blink.
You stop ascending the stairs.
Found a stone staircase leading up.
The phantom attacks as you move away! The phantom hits you.
* * * LOW HITPOINT WARNING * * *
There is a stone staircase leading up here.
The phantom hits you.
You die...

###########
####.........#
............#
##.#.........# #
#..#.........#
.....##......W@....#
#.............#.#####
#...............#
#.........K....##
+..>.!.........#
#..........."..#
#..............#
#.......>......#
..............##


You could see a phantom and a kobold.

Vanquished Creatures
  2 adders (D:2)
  2 gnolls
  A worm (D:2)
  10 ball pythons
  An endoplasm (D:1)
  6 giant cockroaches
  6 goblins
  4 hobgoblins
  2 jackals (D:2)
  9 kobolds
  6 quokkas
  5 bats
  4 frilled lizards
  A rat (D:2)
  2 bushes (D:2)
61 creatures vanquished.

Vanquished Creatures (others)
  3 plants (D:2)
3 creatures vanquished.

Grand Total: 64 creatures vanquished

Notes
Turn   | Place    | Note
-------+----------+-------------------------------------------
     0 | D:1      | ImASeal the Demonspawn Gladiator began the quest for the
                  | Orb.
     0 | D:1      | Reached XP level 1. HP: 16/16 MP: 1/1
   457 | D:1      | Gained mutation: You regenerate a little health from kills.
                  | [demonic ancestry]
   457 | D:1      | Reached XP level 2. HP: 22/22 MP: 2/2
  1043 | D:2      | Reached XP level 3. HP: 27/28 MP: 3/3
  1143 | D:2      | Reached skill level 3 in Fighting
  1366 | D:2      | Found a faded altar of an unknown god.
  1923 | D:2      | Gained mutation: You regenerate health from kills. [demonic
                  | ancestry]
  1923 | D:2      | Reached XP level 4. HP: 30/37 MP: 4/4
  2739 | D:3      | Found Gowaec Capeps's Antique Weapon Emporium.
  2836 | D:3      | Found Cyarph's Armour Emporium.
  2939 | D:3      | Reached skill level 4 in Fighting
  3135 | D:3      | Found Ataxtiriso's Book Shop.
  3150 | D:3      | Found a stormy altar of Qazlal.
  3653 | D:4      | Noticed a scorpion
  3678 | D:5      | Entered Level 5 of the Dungeon
  3893 | D:5      | Noticed a phantom
  3906 | D:5      | Noticed a scorpion
  3948 | D:4      | Slain by a phantom

Illustrated notes

Levels and vault maps discovered:
D:1:      minmay_arrival_checkered_box, layout_basic
D:2:      layout_loops_cross, serial_forest, infiniplex_forest_lined_2,
          infiniplex_forest_zigzag_2, infiniplex_forest_clump_small,
          infiniplex_forest_lined_corner, infiniplex_forest_end_double,
          infiniplex_forest_lined_corner, infiniplex_forest_lined_room_,
          nicolae_ecumenical_snake_handling, eino_tiny_chamber,
          minmay_tetromino_t2
D:3:      layout_loops_ring, mainiacjoe_overflow_alcove_4, tso_oasis_becter,
          serial_shops, nicolae_shop_hallway_stairs, shop, shop,
          amcnicky_mini_corridor_feature, minmay_misc_feat_columns,
          kennysheep_generic_room_14
D:4:      layout_rooms, gammafunk_temple_overflow_wave,
          minmay_temple_entry_glassed_door, serial_shops,
          nicolae_shop_window_shopping, kennysheep_little_box
D:5:      layout_loops_ring, mainiacjoe_overflow_tiny_flanked,
          gup_ossuary_entry_pyramid

Skill      XL: |  1  2  3  4 |
---------------+-------------+-----
Unarmed Combat | 3 |  3.2
Fighting       | 3 4 |  4.3
Throwing       | |  1.7
Armour         | |  0.3
Dodging        | |  2.8

Action                   |  1- 3 |  4- 6 || total
-------------------------+-------+-------++-------
Melee: Unarmed           |   180 |   504 ||   684
       Punch             |     3 |    18 ||    21
 Stab: Sleeping          |       |     3 ||     3
Armor: Leather armour    |    77 |    41 ||   118
Dodge: Dodged            |   121 |    57 ||   178
